 Dungeon Sprint DCSS version 0.23.1 (webtiles) character file.

Game seed: 5588236123012499711

28 night the Slasher (level 3, -1/36 HPs)
             Began as a Naga Gladiator on Mar 16, 2019.
             Slain by a water elemental (11 damage)
             ... in the Dungeon (Sprint III: "The Ten Rune Challenge").
             The game lasted 00:01:47 (393 turns).

night the Slasher (Naga Gladiator)                   Turns: 393, Time: 00:01:48

Health: -1/36      AC:  3    Str: 16    XL:     3   Next: 14%
Magic:  3/3        EV: 10    Int:  9    God:
Gold:   22         SH:  0    Dex: 12    Spells: 2/2 levels left

rFire    . . .     SeeInvis +   a - +0 long sword
rCold    . . .     Gourm    .   (no shield)
rNeg     . . .     Faith    .   b - +0 leather armour
rPois    +         Spirit   .   c - +0 helmet
rElec    .         Reflect  .   (no cloak)
rCorr    .         Harm     .   (no gloves)
MR       .....     NoTele   +   (no barding)
Stlth    +.........             (no amulet)
HPRegen  0.12/turn              (no ring)
MPRegen  0.08/turn              (no ring)

@: engulfed (cannot breathe), very slow
A: large, see invisible, deformed body, poison resistance, slowness 2, slow
metabolism 1, spit poison 1, AC +1
a: Spit Poison


You were in the Dungeon.
You were not hungry.

You visited 1 branch You collected 22 gold pieces.

Inventory:

Hand Weapons
 a - a +0 long sword (weapon)
Missiles
 d - 3 throwing nets (quivered)
 l - 19 arrows
Armour
 b - a +0 leather armour (worn)
 c - a +0 helmet (worn)
Scrolls
 k - a scroll of blinking
 n - a scroll of holy word
 p - 3 scrolls of remove curse
Potions
 e - 2 potions of curing
 g - 2 potions of heal wounds
 h - 2 potions of haste
 i - 2 potions of magic
 j - a potion of berserk rage
 m - 2 potions of mutation
 q - 2 potions of flight
Comestibles
 f - 3 rations


   Skills:
 + Level 3.9 Fighting
 * Level 5.7 Long Blades
 - Level 1.7 Throwing
 - Level 2.4 Dodging


You had 2 spell levels left.
You didn't know any spells.
Your spell library was empty.

Dungeon Overview and Level Annotations

Branches:
Dungeon (1/1)

Altars:


Innate Abilities, Weirdness & Mutations

You cannot wear boots.
Your serpentine skin is tough. (AC +1)
You have supernaturally acute eyesight. (SInv)
Armour fits poorly on your strangely shaped body.
Your system is resistant to poisons. (rPois)
You cover ground very slowly.
You have a slow metabolism.
You can spit poison.


Message History

q - 2 potions of flight
As you read the scroll of identify, it crumbles to dust.
m - 2 potions of mutation You enter the shallow water.
Moving in this stuff is going to be slow.
You open the door.
A water elemental comes into view.
You hit the water elemental but do no damage.
The water elemental hits you.
The water elemental engulfs you in water!
You hit the water elemental.
The water elemental is lightly damaged.
Your lungs strain for air!
The water elemental hits you!
You closely miss the water elemental.
The water elemental is lightly damaged.
* * * LOW HITPOINT WARNING * * *
Your lungs strain for air!
The water elemental hits you!
You die...

▓▓▓▓▓▓▓▓▓▓▓▓ ▓▓▓
<.#..'.....♣ ♣.#
..#..#.....♣ ♣.#
#'####.....♣♣ ♣♣.#
.....#....≈.♣♣♣..# #+#+#
.....#...≈≈.♣♣...#......
.....#..≈≈≈≈.♣..@E.⌠....
####'#..≈≈≈≈≈≈.♣.#...###
.....#.≈≈≈≈≈≈....# ⌠.#
.....#.≈≈≈≈≈.....# .#
.....#.≈≈≈.......# #
'#####...........#
.................#
▓▓▓▓▓▓▓▓▓▓▓▓▓▓▓▓▓▓


You could see a water elemental.

Vanquished Creatures
  A human (D)
  An ooze (D)
  A phantom (D)
  3 rats (D)
6 creatures vanquished.

Vanquished Creatures (others)
  2 draconian scorchers (D)
  6 hellions (D)
  2 yaktaurs (D)
10 creatures vanquished.

Grand Total: 16 creatures vanquished

Notes
Turn   | Place    | Note
-------+----------+-------------------------------------------
     0 | D        | night the Naga Gladiator began the quest for the Orb.
     0 | D        | Reached XP level 1. HP: 19/19 MP: 1/1
    10 | D        | Reached skill level 4 in Long Blades
    89 | D        | Killed a hellion
    89 | D        | Killed a hellion
    90 | D        | Killed a hellion
   102 | D        | Killed a hellion
   104 | D        | Killed a hellion
   104 | D        | Killed a hellion
   131 | D        | Killed a white draconian scorcher
   158 | D        | Killed a yaktaur
   163 | D        | Reached XP level 2. HP: 26/27 MP: 2/2
   197 | D        | Reached skill level 5 in Long Blades
   197 | D        | Reached XP level 3. HP: 23/36 MP: 3/3
   268 | D        | Killed a white draconian scorcher
   355 | D        | Killed a yaktaur
   389 | D        | Noticed a water elemental
   393 | D        | Slain by a water elemental

Skill      XL: |  1  2 |
---------------+-------+-----
Long Blades    | 4 5 |  5.7
Fighting       | 3 |  3.9
Throwing       | |  1.7
Dodging        | |  2.4

Action                   || total
-------------------------++-------
Melee: Long sword        ||    22
Throw: Throwing net      ||     2
  Use: Scroll            ||     3
Armor: Leather armour    ||     2
Dodge: Dodged            ||    14
       Rpst.: Long sword ||     3
